 Dungeon Crawl Stone Soup version 0.31-a0-4-gefa6de2278 (webtiles) character file.

Game seed: 5272708090488861901

557 Anon1729 the Chopper (level 7, -8/62 HPs)
             Began as a Minotaur Monk on May 3, 2023.
             Mangled by a two-headed ogre
             ... wielding a +0 giant spiked club
              (21 damage)
             ... on level 5 of the Dungeon.
             The game lasted 00:02:30 (3005 turns).

Anon1729 the Chopper (Minotaur Monk)                Turns: 3005, Time: 00:02:31

Health: -8/62      AC: 15    Str: 18    XL:     7   Next: 9%
Magic:  6/6        EV:  6    Int:  7    God:
Gold:   208        SH:  0    Dex: 12    Spells: 6/6 levels left

rFire   . . .        a - +0 hand axe
rCold   . . .        d - orb {light}
rNeg    . . .        w - +0 plate armour
rPois   .            (helmet restricted)
rElec   .            (no cloak)
rCorr   .            (no gloves)
SInv    .            (no boots)
Will    .....        g - amulet of regeneration Stlth
                     n - +4 ring of protection
HPRegen 1.10/turn    (no ring)
MPRegen 0.10/turn

%: no passive effects
@: glowing
A: horns 2, retaliatory headbutt
a: no special abilities


You were on level 5 of the Dungeon.
You visited 1 branch of the dungeon, and saw 5 of its levels.

You collected 208 gold pieces.

Inventory:

Hand Weapons
 a - a +0 hand axe (weapon)
Armour
 b - a +0 robe
 d - an orb of light (worn)
 j - a +0 chain mail
 o - a +0 ring mail of poison resistance
 w - a +0 plate armour (worn)
Jewellery
 g - an amulet of regeneration (around neck)
 n - a +4 ring of protection (left hand)
Wands
 u - a wand of roots (14)
Scrolls
 h - a scroll of magic mapping {unknown}
 k - 6 scrolls of identify {unknown}
 m - 2 scrolls of teleportation {unknown}
 p - a scroll of immolation {unknown}
 s - a scroll of enchant weapon {unknown}
 x - a scroll of torment {unknown}
Potions
 c - 3 potions of ambrosia
 e - 2 potions of resistance {unknown}
 f - 3 potions of flight {unknown}
 i - a potion of curing {unknown}
 l - a potion of attraction {unknown}
 q - a potion of berserk rage {unknown}
 r - 2 potions of heal wounds {unknown}
 t - 3 potions of mutation {unknown}
 v - a potion of cancellation {unknown}
 z - a potion of degeneration {unknown}


   Skills:
 + Level 5.7 Fighting
 * Level 7.4 Axes
 + Level 4.2 Armour
 - Level 3.2 Dodging


You had 6 spell levels left.
You didn't know any spells.
Your spell library contained the following spells:

 Spells                   Type           Power      Damage    Failure   Level
 Magic Dart               Conj           0%         1d3       100%        1
 Cigotuvi's Dreadful Rot  Necr/Pois/Air  0%         N/A       100%        2
 Searing Ray              Conj           0%         2d4       100%        2
 Sublimation of Blood     Necr           0%         N/A       100%        2
 Wereblood                Tmut           0%         N/A       100%        2
 Hailstorm                Conj/Ice       0%         3d3       100%        3
 Ignite Poison            Fire/Tmut/Pois 0%         N/A       100%        3
 Fulminant Prism          Conj/Hex       0%         3d5       100%        4
 Ice Form                 Ice/Tmut       0%         N/A       100%        4
 Freezing Cloud           Conj/Ice/Air   0%         6-21      100%        5
 Simulacrum               Ice/Necr       0%         N/A       100%        6
 Summon Hydra             Summ           0%         N/A       100%        7


Dungeon Overview and Level Annotations

Branches:
Dungeon (5/15)
 Temple: D:4-7

Altars:
Elyvilon
Makhleb
Nemelex Xobeh
Sif Muna


Innate Abilities, Weirdness & Mutations

You have a pair of horns on your head.
You reflexively headbutt those who attack you in melee.


Message History

The two-headed ogre is moderately wounded.
You hit the two-headed ogre.
The two-headed ogre is moderately wounded.
The two-headed ogre hits you with a +0 giant spiked club!
The two-headed ogre barely misses you.
You hit the two-headed ogre but do no damage.
You headbutt the two-headed ogre!
The two-headed ogre is heavily wounded.
You hit the two-headed ogre but do no damage.
The two-headed ogre is heavily wounded.
The two-headed ogre hits you with a +0 giant spiked club!
The two-headed ogre hits you with a +0 giant club.
You hit the two-headed ogre. You headbutt the two-headed ogre.
The two-headed ogre is severely wounded.
The two-headed ogre hits you with a +0 giant spiked club!!
* * * LOW HITPOINT WARNING * * *
The two-headed ogre hits you with a +0 giant club.
* * * LOW HITPOINT WARNING * * *
You are too injured to fight recklessly!
You are too injured to fight recklessly!
You are too injured to fight recklessly!
You are too injured to fight recklessly!
You are too injured to fight recklessly!
You are too injured to fight recklessly!
You are too injured to fight recklessly!
You are too injured to fight recklessly!
You are too injured to fight recklessly!
You are too injured to fight recklessly!
You are too injured to fight recklessly!
You are too injured to fight recklessly!
You are too injured to fight recklessly!
You are too injured to fight recklessly!
You are too injured to fight recklessly!
Okay, then.
You hit the two-headed ogre.
The two-headed ogre is severely wounded.
You hit the two-headed ogre.
The two-headed ogre is severely wounded.
The two-headed ogre hits you with a +0 giant spiked club!!
You die...

#..# #.# # .. ..... #.)#
#.# . ..... ....# #.# #
. #.#.# #.#..# #.# #
#.#.#.# #.#..#.#.# #
#.#.#.####.#..#.#.# #
...............#.# #
###O#.####.#..###.###
#..=@................
#...............####.###
######.######...........
#........##########
#.######## # ## #


You could see a two-headed ogre.

Vanquished Creatures
  An ogre (D:4)
  A scorpion (D:5)
  3 hounds (D:5)
  2 jellies (D:5)
  A sleepcap (D:5)
  2 iguanas
  2 orc wizards
  6 adders
  A gnoll (D:5)
  A worm (D:2)
  A dart slug (D:3)
  11 orcs
  5 endoplasms
  A giant cockroach (D:1)
  3 hobgoblins
  6 quokkas
  5 ball pythons
  7 bats
  2 frilled lizards
  5 goblins
  10 kobolds
  4 rats
80 creatures vanquished.

Notes
Turn   | Place    | Note
-------+----------+-------------------------------------------
     0 | D:1      | Anon1729 the Minotaur Monk began the quest for the Orb.
     0 | D:1      | Reached XP level 1. HP: 19/19 MP: 0/0
   120 | D:1      | Reached skill level 4 in Axes
   120 | D:1      | Reached XP level 2. HP: 25/27 MP: 1/1
   273 | D:1      | Reached skill level 1 in Armour
   803 | D:2      | Reached XP level 3. HP: 33/33 MP: 2/2
   816 | D:2      | Identified the +0 robe "Higiosos" {rElec Int+2}
   936 | D:2      | Found a shimmering blue altar of Sif Muna.
  1680 | D:3      | Reached XP level 4. HP: 40/40 MP: 3/3
  1893 | D:3      | Reached skill level 5 in Axes
  1934 | D:4      | Noticed an ogre
  1948 | D:4      | Killed an ogre
  1949 | D:4      | Reached XP level 5. HP: 22/47 MP: 4/4
  2118 | D:4      | Found a white marble altar of Elyvilon.
  2212 | D:4      | Reached skill level 6 in Axes
  2319 | D:4      | Reached skill level 5 in Fighting
  2456 | D:5      | Entered Level 5 of the Dungeon
  2500 | D:5      | Reached XP level 6. HP: 53/56 MP: 5/5
  2657 | D:5      | Found a burning altar of Makhleb.
  2907 | D:5      | Reached skill level 7 in Axes
  2953 | D:5      | Found a sparkling altar of Nemelex Xobeh.
  2959 | D:5      | Reached XP level 7. HP: 59/62 MP: 6/6
  2996 | D:5      | Noticed a two-headed ogre
  3005 | D:5      | Mangled by a two-headed ogre

Illustrated notes

Levels and vault maps discovered:
D:1:      dpeg_arrival_court, layout_basic
D:2:      layout_loops_ring, basic_altar
D:3:      layout_basic, serial_park_tiny_2
D:4:      layout_basic, elyvilon_altar_1, hex_large
D:5:      layout_basic, marbit_many_paths, mainiacjoe_overflow_surrounded_room,
          cheibrodos_gnoll_hut

Skill      XL: |  1  2  3  4  5  6 |
---------------+-------------------+-----
Axes           | 4 5 6 7 |  7.4
Armour         | 1 2 3 4 |  4.2
Fighting       | 4 5 |  5.7
Dodging        | |  3.2

Action                     |  1- 3 |  4- 6 |  7- 9 || total
---------------------------+-------+-------+-------++-------
  Melee: Hand axe          |    77 |    97 |    14 ||   188
         Headbutt          |    15 |    23 |     4 ||    42
 Armour: Robe              |     7 |       |       ||     7
         Chain mail        |    30 |    19 |       ||    49
         Plate armour      |       |    36 |     6 ||    42
  Dodge: Dodged            |    38 |    28 |     4 ||    70

Table legend: (Time is in decaauts)
 A = Elapsed time spent in this place.
 B = Non-inter-level travel time spent in this place.
 C = Inter-level travel time spent in this place.
 D = Time resting spent in this place.
 E = Time spent auto-exploring this place.
 F = Levels seen in this place.
 G = Mean time per level.
                   A        B        C        D        E       F      G
               +--------+--------+--------+--------+--------+-----+--------+
         Total |   3008 |   2894 |    114 |      0 |   2397 |   5 |  601.6 |
       Dungeon |   3008 |   2894 |    114 |      0 |   2397 |   5 |  601.6 |
               +--------+--------+--------+--------+--------+-----+--------+

Top non-repeatable levels by time:
     D:1: 708 daAuts
     D:2: 665 daAuts
     D:3: 563 daAuts
     D:5: 546 daAuts
     D:4: 524 daAuts
